 Dungeon Sprint DCSS version 0.21-a0-401-g0b6bec4 (webtiles) character file.

21454 theanonym the Bludgeoner (level 12, 0/127 HPs)
             Began as a Deep Dwarf Fighter on Oct 21, 2017.
             Was the Champion of Makhleb.
             Killed from afar by Aizul (31 damage)
             ... with a bolt of poison
             ... in the Dungeon (Sprint IX: "|||||||||||||||||||||||||||||").
             The game lasted 00:14:24 (1853 turns).

theanonym the Bludgeoner (Deep Dwarf Fighter)       Turns: 1853, Time: 00:14:25

Health: 0/127      AC: 23    Str: 32    XL:     12   Next: 54%
Magic:  12/12      EV: 12    Int: 10    God:    Makhleb [******]
Gold:   270        SH: 26    Dex: 12    Spells: 11/11 levels left

rFire    . . .     SeeInvis .   v - +2 morningstar
rCold    . . .     Gourm    .   I - +4 large shield
rNeg     . . .     Faith    .   A - +0 plate armour
rPois    .         Spirit   .   (no helmet)
rElec    .         Reflect  .   r - +0 cloak
rCorr    .         Harm     .   q - +0 pair of gloves
MR       +....     NoTele   +   D - +1 pair of boots {Fly}
Stlth    ..........             (no amulet)
HPRegen  0.00/turn              (no ring)
MPRegen  0.13/turn              t - +3 ring of strength

@: mighty, lethally poisoned (0 -> 0), flying, non-regenerating
A: damage resistance, heal wounds, sense surroundings 2, no regeneration
a: Heal Wounds, Minor Destruction, Lesser Servant of Makhleb, Major Destruction,
Greater Servant of Makhleb, Renounce Religion, Stop Flying


You were in the Dungeon.
You worshipped Makhleb.
Makhleb was exalted by your worship.
You were not hungry.

You visited 1 branch You collected 630 gold pieces.
You spent 360 gold pieces at shops.

Inventory:

Hand Weapons
 v - a +2 morningstar (weapon)
   (You took it off a gargoyle in the Dungeon)
Armour
 q - a +0 pair of gloves (worn)
   (You found it in the Dungeon)
 r - a +0 cloak (worn)
   (You found it in the Dungeon)
 A - a +0 plate armour (worn)
   (You took it off an orc knight in the Dungeon)
 D - a +1 pair of boots of flying (worn)
   (You found it in the Dungeon)
 I - a +4 large shield (worn)
   (You found it in the Dungeon)
Jewellery
 s - a +3 ring of dexterity
   (You found it in the Dungeon)
 t - a +3 ring of strength (right hand)
   (You found it in the Dungeon)
Wands
 p - a wand of acid (7/15)
   (You found it in the Dungeon)
Scrolls
 k - 4 scrolls of blinking
 m - 6 scrolls of remove curse
 n - 2 scrolls of amnesia
 x - a scroll of fog {!r}
 G - a scroll of fear {!r}
Potions
 a - a potion of resistance
 d - a potion of might
 e - 6 potions of curing
 g - a potion of invisibility
 h - a potion of haste
 i - 5 potions of magic
 l - 5 potions of heal wounds
 o - 2 potions of berserk rage
 E - a potion of brilliance
Comestibles
 b - 40 fruits
 c - 29 chunks of flesh
 f - 14 bread rations
 z - 11 meat rations


   Skills:
 + Level 13.6 Fighting
 - Level 16.0 Maces & Flails
 + Level 15.9 Armour
 + Level 10.2 Dodging
 + Level 15.9 Shields
 + Level 12.3 Invocations


You had 11 spell levels left.
You didn't know any spells.

Dungeon Overview and Level Annotations

Branches:
Dungeon (1/1)

Altars:
Cheibriados
Dithmenos
Elyvilon
Fedhas
Gozag
Hepliaklqana
Kikubaaqudgha
Makhleb
Nemelex Xobeh
Okawaru
Qazlal
Ru
Sif Muna
Trog
Uskayaw
Vehumet
Wu Jian
Xom
Yredelemnul
Zin
The Shining One
Beogh
Jiyva
Lugonu

Shops:
D ?}?*

Annotations:
D Aizul


Innate Abilities, Weirdness & Mutations

You are resistant to damage.
You can heal yourself by infusing magical energy.
You passively map the area around you.
You do not regenerate.


Message History

You take 11 damage, and have 83/126 hp.
Your plate armour prevents you from hitting Snorg.
You block Snorg's attack. x2; Snorg closely misses you.
You beat Snorg like a drum!!!
Snorg bites you. You block Snorg's attack. Snorg claws you but does no damage.
You take 2 damage, and have 81/126 hp.
You bludgeon Snorg!! Snorg bites you!!
* * * LOW HITPOINT WARNING * * *
You block Snorg's attack. x2
You take 18 damage, and have 63/126 hp.
You sock Snorg! You block Snorg's attack. x3
You impale Snorg!!
You kill Snorg!
Makhleb accepts your kill.
You feel better.
You regained 11 hp, and now have 74/127 hp.
Aizul the Neglectful Guardian comes into view.
Aizul shouts!
Aizul casts a spell at you. The bolt of poison hits you!
You are poisoned.
You take 9 damage, and have 65/127 hp.
You miss Aizul.
Aizul coils herself and waves her upper body at you.
The bolt of poison hits you!
You are more poisoned.
* * * LOW HITPOINT WARNING * * *
You take 16 damage, and have 49/127 hp.
You miss Aizul.
You feel sick. You block Aizul's attack.
You take 2 damage, and have 47/127 hp.
You hit Aizul.
You feel sick. You block Aizul's attack.
You take 2 damage, and have 45/127 hp.
Unknown command.
You miss Aizul.
You feel sick. Aizul casts a spell at you. You resist with significant effort.
You take 2 damage, and have 43/127 hp.
You hit Aizul.
You feel sick. Aizul barely misses you.
You take 2 damage, and have 41/127 hp.
You closely miss Aizul.
You feel sick. Aizul barely misses you.
You take 2 damage, and have 39/127 hp.
You barely miss Aizul.
You feel sick. Aizul hits you but does no damage. You block Aizul's attack.
You take 2 damage, and have 37/127 hp.
You hammer Aizul like a gong!!!
You feel sick. You block Aizul's attack.
You take 2 damage, and have 35/127 hp.
Your plate armour prevents you from hitting Aizul.
You feel sick. You block Aizul's attack.
You take 1 damage, and have 34/127 hp.
Your magical essence is drained by the effort!
You feel much better.
You feel sick.
Aizul coils herself and waves her upper body at you.
The poison arrow hits you!
You are more poisoned.
You regained 23 hp, and now have 57/127 hp.
You now have 12/12 mp.
A demon appears!
You feel very sick. Aizul closely misses you. Aizul barely misses you.
You take 14 damage, and have 43/127 hp.
You bludgeon Aizul!!
You feel very sick. You block Aizul's attack.
You take 3 damage, and have 40/127 hp.
You closely miss Aizul.
You feel very sick. Aizul casts a spell at you. The bolt of poison misses you.
The bolt of poison hits your cacodemon.
Your cacodemon is poisoned.
You take 3 damage, and have 37/127 hp.
You miss Aizul.
You feel very sick. You block Aizul's attack. Aizul hits you!
* * * LOW HITPOINT WARNING * * *
You take 14 damage, and have 23/127 hp.
Unknown command.
You swap places.
You feel very sick.
Your cacodemon closely misses Aizul.
Your cacodemon hits Aizul!
Aizul hits your cacodemon but does no damage.
You take 3 damage, and have 20/127 hp.
You feel very sick. Aizul casts a spell at you.
The bolt of poison hits your cacodemon. The bolt of poison hits you!
You are lethally poisoned!
* * * LOW HITPOINT WARNING * * *
Your cacodemon hits Aizul. Your cacodemon misses Aizul.
Aizul hits your cacodemon!
You take 17 damage, and have 3/127 hp.
You feel much better.
* * * LOW HITPOINT WARNING * * *
You feel very sick.
Your cacodemon hits Aizul!!
Your cacodemon closely misses Aizul.
Aizul hits your cacodemon!
You regained 21 hp, and now have 24/127 hp.
You feel better. Aizul casts a spell at your cacodemon.
The bolt of poison hits your cacodemon. The bolt of poison hits you!
You are poisoned.
You die...

, , ,, ,, ,, , , * * * * * **** *
, , ,, , , , * * * * * **** * * *
, , , , , ** * * * * **** * * ,,
, ,, , , ,
♣♣♣♣♣♣♣▓▓▓▓▓▓▓▓▓▓▓▓▓▓▓▓▓▓* *
................@2S...... ,
▓▓▓▓▓▓▓▓▓▓▓▓▓▓▓▓▓▓▓▓▓▓▓▓▓▓▓▓▓▓▓▓▓
....).)()......!....[[[[[..=..)))
▓▓▓▓▓▓▓▓▓▓▓▓▓▓▓▓▓▓▓▓▓▓▓▓▓▓▓▓▓▓▓▓▓
...).............................
▓▓▓▓▓▓▓▓▓▓▓▓▓▓▓▓▓▓▓▓▓▓▓▓▓▓▓▓▓▓▓▓▓
.∩.∩.∩)))))).......)))))).....)[)
▓▓▓▓▓▓▓▓▓▓▓▓▓▓▓▓▓▓▓▓▓▓▓▓▓▓▓▓▓▓▓▓▓
.........................).......


You could see Aizul and a friendly cacodemon.

Vanquished Creatures
  Snorg (D)
  An ettin (D)
  A fire dragon (D)
  A great orb of eyes (D)
  Erolcha (D)
  Erica (D)
  A two-headed ogre (D)
  An ogre mage (D)
  A deep troll earth mage (D)
  An orc high priest (D)
  An unseen horror (D)
  11 orc knights (D)
  An ugly thing (D)
  2 cyclopes (D)
  A manticore (D)
  A gargoyle (D)
  3 spiny frogs (D)
  Psyche (D)
  A yaktaur (D)
  2 komodo dragons (D)
  A rime drake (D)
  A tengu conjurer (D)
  2 slime creatures (D)
  2 hippogriffs (D)
  A shadow (D)
  2 yaks (D)
  Grum (D)
  5 wargs (D)
  2 water moccasins (D)
  2 porcupines (D)
  A hell hound (D)
  14 orc warriors (D)
  A sky beast (D)
  An ice beast (D)
  5 wolves (D)
  A centaur (D)
  3 crocodiles (D)
  A big kobold (D)
  3 bullfrogs (D)
  A crimson imp (D)
  A hound (D)
  5 orc priests (D)
  A gnoll shaman (D)
  3 orc wizards (D)
  An adder (D)
  An adder skeleton (D)
  A leopard gecko (D)
  4 orcs (D)
  2 bat zombies (D)
  A giant cockroach (D)
  A goblin (D)
  A jackal (D)
  A quokka (D)
  A rat (D)
108 creatures vanquished.

Vanquished Creatures (collateral kills)
  An orc wizard (D)
1 creature vanquished.

Grand Total: 109 creatures vanquished

Notes
Turn   | Place    | Note
-------+----------+-------------------------------------------
     0 | D        | theanonym the Deep Dwarf Fighter began the quest for the Orb.
     0 | D        | Reached XP level 1. HP: 20/20 MP: 1/1
     9 | D        | Reached skill level 3 in Fighting
    10 | D        | Reached skill level 3 in Maces & Flails
    16 | D        | Noticed a centaur
    16 | D        | Noticed a crimson imp
    24 | D        | Reached skill level 4 in Armour
    24 | D        | Reached skill level 4 in Shields
    24 | D        | Reached XP level 2. HP: 20/28 MP: 2/2
    50 | D        | Killed a crimson imp
    50 | D        | Reached skill level 4 in Maces & Flails
    50 | D        | Reached XP level 3. HP: 19/36 MP: 3/3
    56 | D        | Reached skill level 4 in Fighting
    58 | D        | HP: 2/36 [centaur (5)]
    64 | D        | Killed a centaur
    64 | D        | Reached skill level 6 in Maces & Flails
    64 | D        | Reached skill level 5 in Armour
    64 | D        | Reached skill level 5 in Shields
    64 | D        | Reached XP level 4. HP: 24/45 MP: 4/4
    85 | D        | Found a roughly hewn altar of Beogh.
    85 | D        | Found a snail-covered altar of Cheibriados.
    85 | D        | Found a shadowy altar of Dithmenos.
    85 | D        | Found a white marble altar of Elyvilon.
    85 | D        | Found a blossoming altar of Fedhas.
    85 | D        | Found an opulent altar of Gozag.
    86 | D        | Found a hazy altar of Hepliaklqana.
    87 | D        | Found a viscous altar of Jiyva.
    88 | D        | Found an ancient bone altar of Kikubaaqudgha.
    89 | D        | Found a corrupted altar of Lugonu.
    90 | D        | Found a burning altar of Makhleb.
    91 | D        | Found a sparkling altar of Nemelex Xobeh.
    92 | D        | Found an iron altar of Okawaru.
    93 | D        | Found a stormy altar of Qazlal.
    94 | D        | Found a sacrificial altar of Ru.
    95 | D        | Found a deep blue altar of Sif Muna.
    96 | D        | Found a bloodstained altar of Trog.
    97 | D        | Found a hide-covered altar of Uskayaw.
    98 | D        | Became a worshipper of Makhleb the Destroyer
    99 | D        | Found a radiant altar of Vehumet.
   100 | D        | Found an ornate altar of the Wu Jian Council.
   101 | D        | Found a shimmering altar of Xom.
   102 | D        | Found a basalt altar of Yredelemnul.
   103 | D        | Found a glowing silver altar of Zin.
   104 | D        | Found a glowing golden altar of the Shining One.
   278 | D        | Noticed a two-headed ogre
   278 | D        | Noticed a sky beast
   278 | D        | Noticed a big kobold
   291 | D        | Reached skill level 5 in Fighting
   291 | D        | Reached skill level 6 in Armour
   291 | D        | Reached skill level 1 in Dodging
   291 | D        | Reached skill level 6 in Shields
   291 | D        | Reached XP level 5. HP: 49/52 MP: 5/5
   304 | D        | Reached * piety under Makhleb
   304 | D        | Reached skill level 7 in Maces & Flails
   304 | D        | Reached skill level 3 in Dodging
   323 | D        | Killed a sky beast
   323 | D        | Reached skill level 6 in Fighting
   323 | D        | Reached skill level 7 in Armour
   323 | D        | Reached skill level 4 in Dodging
   323 | D        | Reached skill level 7 in Shields
   323 | D        | Reached XP level 6. HP: 47/62 MP: 6/6
   329 | D        | Killed a two-headed ogre
   329 | D        | Reached ** piety under Makhleb
   329 | D        | Reached skill level 7 in Fighting
   329 | D        | Reached skill level 9 in Maces & Flails
   329 | D        | Reached skill level 9 in Armour
   329 | D        | Reached skill level 6 in Dodging
   329 | D        | Reached skill level 9 in Shields
   329 | D        | Reached XP level 7. HP: 32/73 MP: 7/7
   350 | D        | Noticed a gargoyle
   350 | D        | Noticed a yak
   350 | D        | Noticed a slime creature
   366 | D        | Killed a slime creature
   366 | D        | Reached skill level 8 in Fighting
   366 | D        | Reached skill level 2 in Invocations
   366 | D        | Reached XP level 8. HP: 29/81 MP: 7/9
   367 | D        | Reached skill level 3 in Invocations
   372 | D        | Killed an unseen horror
   372 | D        | Reached *** piety under Makhleb
   372 | D        | Reached skill level 10 in Maces & Flails
   372 | D        | Reached skill level 10 in Armour
   372 | D        | Reached skill level 10 in Shields
   372 | D        | Reached skill level 5 in Invocations
   388 | D        | Killed a gargoyle
   388 | D        | Reached skill level 9 in Fighting
   388 | D        | Gained mutation: You passively map the area around you. [Deep Dwarf growth]
   388 | D        | Reached XP level 9. HP: 53/91 MP: 9/12
   423 | D        | Noticed Erica
   434 | D        | Killed Erica
   434 | D        | Reached skill level 11 in Maces & Flails
   434 | D        | Reached skill level 11 in Armour
   434 | D        | Reached skill level 11 in Shields
   543 | D        | Noticed a spiny frog
   543 | D        | Noticed a spiny frog
   548 | D        | Reached **** piety under Makhleb
   556 | D        | Killed a spiny frog
   561 | D        | Noticed a spiny frog
   562 | D        | Reached skill level 10 in Fighting
   562 | D        | Reached skill level 12 in Maces & Flails
   570 | D        | Killed a spiny frog
   580 | D        | Reached ***** piety under Makhleb
   585 | D        | Reached skill level 12 in Armour
   585 | D        | Reached skill level 7 in Dodging
   585 | D        | Reached skill level 12 in Shields
   585 | D        | Reached XP level 10. HP: 87/102 MP: 12/12
   600 | D        | Killed a spiny frog
   600 | D        | Reached skill level 6 in Invocations
   644 | D        | Reached skill level 13 in Maces & Flails
   650 | D        | Reached skill level 7 in Invocations
   653 | D        | Reached ****** piety under Makhleb
   653 | D        | Reached skill level 8 in Dodging
   721 | D        | Reached skill level 8 in Invocations
   833 | D        | Noticed Psyche
   840 | D        | Killed Psyche
   840 | D        | Reached skill level 11 in Fighting
   852 | D        | Noticed Erolcha
   872 | D        | Killed Erolcha
   872 | D        | Reached skill level 13 in Armour
   872 | D        | Reached skill level 9 in Dodging
   872 | D        | Reached skill level 13 in Shields
   906 | D        | Reached XP level 11. HP: 89/111 MP: 15/15
   916 | D        | Noticed an orc knight
   922 | D        | Reached skill level 9 in Invocations
   951 | D        | Killed an orc knight
  1012 | D        | Reached skill level 14 in Maces & Flails
  1013 | D        | Noticed an orc high priest
  1058 | D        | Killed an orc high priest
  1061 | D        | Reached skill level 10 in Dodging
  1061 | D        | Reached skill level 10 in Invocations
  1079 | D        | Found Jeq Dipra's Assorted Antiques.
  1079 | D        | Noticed an orc knight
  1079 | D        | Noticed an orc knight
  1079 | D        | Noticed an orc knight
  1082 | D        | Noticed an orc knight
  1087 | D        | Killed an orc knight
  1094 | D        | Noticed an orc knight
  1100 | D        | Noticed an orc knight
  1107 | D        | Killed an orc knight
  1108 | D        | Found Urafud's Magic Scroll Shop.
  1127 | D        | Killed an orc knight
  1158 | D        | Killed an orc knight
  1158 | D        | Reached skill level 12 in Fighting
  1158 | D        | Reached skill level 14 in Armour
  1158 | D        | Reached skill level 14 in Shields
  1168 | D        | Killed an orc knight
  1174 | D        | Noticed an orc knight
  1182 | D        | Killed an orc knight
  1183 | D        | Noticed an orc knight
  1185 | D        | Noticed an orc knight
  1188 | D        | Killed an orc knight
  1190 | D        | Found Ryett's Gadget Boutique.
  1213 | D        | Killed an orc knight
  1214 | D        | Found Loir's Magic Scroll Shop.
  1229 | D        | Killed an orc knight
  1229 | D        | Reached skill level 15 in Maces & Flails
  1242 | D        | Bought an onyx ring for 80 gold pieces
  1242 | D        | Bought a potion of berserk rage for 80 gold pieces
  1242 | D        | Bought a scroll of blinking for 120 gold pieces
  1242 | D        | Bought a potion of berserk rage for 80 gold pieces
  1250 | D        | Noticed an orc knight
  1276 | D        | Killed an orc knight
  1417 | D        | Noticed Grum
  1425 | D        | Killed Grum
  1640 | D        | Noticed an ogre mage
  1648 | D        | Noticed a deep troll earth mage
  1650 | D        | Killed an ogre mage
  1650 | D        | Reached skill level 15 in Armour
  1650 | D        | Reached skill level 15 in Shields
  1650 | D        | Reached XP level 12. HP: 123/123 MP: 12/12
  1659 | D        | Noticed an ettin
  1663 | D        | Reached skill level 13 in Fighting
  1682 | D        | Killed a deep troll earth mage
  1682 | D        | Reached skill level 11 in Invocations
  1687 | D        | Killed an ettin
  1691 | D        | Noticed a great orb of eyes
  1695 | D        | Noticed a fire dragon
  1705 | D        | Paralysed by a great orb of eyes for 4 turns
  1717 | D        | Killed a great orb of eyes
  1746 | D        | Killed a fire dragon
  1746 | D        | Reached skill level 16 in Maces & Flails
  1746 | D        | Reached skill level 12 in Invocations
  1800 | D        | Noticed Snorg
  1811 | D        | Killed Snorg
  1833 | D        | Noticed Aizul
  1851 | D        | HP: 3/127 [Aizul/bolt of poison (14)]
  1853 | D        | Killed from afar by Aizul

Vault maps used:
D:        linesprint

Skill      XL: |  1  2  3  4  5  6  7  8  9 10 11 12 |
---------------+-------------------------------------+-----
Fighting       | 3 4 5 6 7 8 9 10 11 12 13 | 13.6
Maces & Flails | 3 4 6 7 9 10 12 13 15 16 | 16.0
Armour         | 4 5 6 7 9 10 12 13 15 | 15.9
Shields        | 4 5 6 7 9 10 12 13 15 | 15.9
Dodging        | 1 4 6 7 9 10 | 10.2
Invocations    | 2 5 8 10 12 | 12.3

Action                   |  1- 3 |  4- 6 |  7- 9 | 10-12 || total
-------------------------+-------+-------+-------+-------++-------
Melee: Flail             |    50 |    54 |    33 |       ||   137
       Morningstar       |       |       |    47 |   555 ||   602
Invok: Lesser Servant of |       |       |       |     1 ||     1
       Greater Servant o |       |       |       |     1 ||     1
 Abil: Heal Wounds       |       |     1 |     3 |    16 ||    20
  Use: Potion            |     1 |       |     2 |     2 ||     5
       Scroll            |       |       |       |     7 ||     7
  Eat: Chunk             |       |       |       |     2 ||     2
       Meat ration       |       |       |       |     1 ||     1
Armor: Scale mail        |    27 |       |       |       ||    27
       Chain mail        |       |    30 |    14 |    24 ||    68
       Plate armour      |       |       |       |    36 ||    36
Dodge: Dodged            |    26 |    11 |    18 |   105 ||   160
Block: Shield            |    36 |    16 |    36 |   183 ||   271
       Large shield      |       |       |       |    99 ||    99

Table legend:
 A = Spawn XP
 B = Non-spawn XP
 C = Spawn XP percentage of total XP
 D = Spawn monster count
 E = Non-spawn monster count
 F = Spawn count percentage of total count
 G = Total turns spent on level
                    A         B        C        D         E        F      G
               +---------+---------+-------+---------+---------+-------+---------
         Total |       0 |   30649 |   0.0 |       0 |     109 |   0.0 |  1853
               +---------+---------+-------+---------+---------+-------+---------
             D |       0 |   30649 |   0.0 |       0 |     109 |   0.0 |  1853
               +---------+---------+-------+---------+---------+-------+---------
